 Dungeon Crawl Stone Soup version 0.27-a0-1312-g5cdb2b3542 (webtiles) character file.

Game seed: 12873677223665545093

70 Conn the Firebug (level 4, -1/27 HPs)
             Began as an Octopode Fire Elementalist on June 19, 2021.
             Slain by a black bear (5 damage)
             ... on level 2 of the Dungeon.
             The game lasted 00:05:06 (2210 turns).

Conn the Firebug (Octopode Fire Elementalist)       Turns: 2210, Time: 00:05:07

Health: -1/27      AC:  5    Str:  7    XL:     4   Next: 21%
Magic:  0/8        EV: 13    Int: 18    God:
Gold:   115        SH:  0    Dex: 12    Spells: 2/9 levels left

rFire    . . .     SeeInvis .   e - +0 short sword
rCold    . . .     Faith    .   (no shield)
rNeg     . . .     Spirit   .   (helmet restricted)
rPois    .         Reflect  .   (no amulet)
rElec    .         Harm     .   c - +4 ring of protection
rCorr    .         Rampage  .   (no ring)
Will     .....                  (no ring)
Stlth    +++.......             (no ring)
HPRegen  0.09/turn              (no ring)
MPRegen  0.11/turn              (no ring)
                                (no ring)
                                (no ring)

@: no status effects
A: almost no armour, amphibious, 8 rings, camouflage 1, gelatinous body 1,
(nimble swimmer 1), tentacles
a: no special abilities


You were on level 2 of the Dungeon.
You visited 1 branch of the dungeon, and saw 2 of its levels.

You collected 115 gold pieces.

Inventory:

Hand Weapons
 e - a +0 short sword (weapon)
Jewellery
 c - a +4 ring of protection (left tentacle)
Scrolls
 a - a scroll of fear {unknown}
 d - 2 scrolls of identify {unknown}
Potions
 b - a potion of curing {unknown}
 f - a potion of flight {unknown}


   Skills:
 + Level 2.1 Dodging
 + Level 3.2 Stealth
 * Level 3.0 Spellcasting
 * Level 1.7 Conjurations
 + Level 3.6 Fire Magic


You had 2 spell levels left.
You knew the following spells:

 Your Spells              Type           Power      Damage    Failure   Level
a - Foxfire               Conj/Fire      48%        2x1d6     5%          1
b - Conjure Flame         Conj/Fire      12%        6-21      17%         3
c - Inner Flame           Hex/Fire       9%         N/A       24%         3

Your spell library contained the following spells:

 Spells                   Type           Power      Damage    Failure   Level
 Sticky Flame             Conj/Fire      12%        2d4       50%         4
 Fireball                 Conj/Fire      6%         3d5       83%         5


Dungeon Overview and Level Annotations

Branches:
Dungeon (2/15)

Altars:

Shops:
D:1 *(=*(


Innate Abilities, Weirdness & Mutations

You cannot wear most types of armour.
You are amphibious.
You can wear up to eight rings at the same time.
Your skin changes colour to match your surroundings (Stealth+).
Your rubbery body absorbs attacks. (AC +1, EV +1)
((You are camouflaged near water. (Stealth+)))
You have tentacles for arms and can constrict up to eight enemies at once.


Message History

The black bear claws the bush but does no damage. x2
Your foxfire dissipates!
The foxfire hits the black bear.
The black bear is heavily wounded.
The black bear bites the bush.
The black bear claws the bush but does no damage. x2
Casting: Foxfire (safe; 5% risk of failure)
Confirm with . or Enter, or press ? or * to list all spells.
You conjure some foxfire!
A nearby plant withers and dies.
Your foxfire dissipates!
The foxfire hits the black bear.
The black bear is heavily wounded.
The foxfire hits the black bear.
The black bear is heavily wounded.
Casting: Foxfire (safe; 5% risk of failure)
Confirm with . or Enter, or press ? or * to list all spells.
You conjure some foxfire!
The foxfire hits the black bear.
The black bear is severely wounded.
The foxfire hits the black bear.
The black bear is almost dead.
Casting: Foxfire (safe; 5% risk of failure)
Confirm with . or Enter, or press ? or * to list all spells.
You conjure some foxfire!
The black bear goes berserk!
The foxfire hits the black bear.
The black bear is almost dead.
The black bear bites you! The black bear claws you. x2
The black bear bites you.
* * * LOW HITPOINT WARNING * * *
The black bear claws you.
* * * LOW HITPOINT WARNING * * *
The black bear closely misses you.
Okay, then.
Unknown command.
Okay, then.
Unknown command.
You hit the black bear. Your grab misses the black bear.
The black bear is almost dead.
The black bear bites you.
You die...

.♣♣♣..♣♣.#.## ♣♣♣♣♣♣♣
.♣♣♣.P♣♣♣...♣♣♣.♣..P♣##
..♣♣...♣♣♣.....P.P♣...#
...♣♣PP.P♣..♣...♣♣♣♣♣.#
.....♣P.♣...♣♣♣♣♣ ♣#.#
.....##.#.....######..#
.....##.......§......##
.....####.♣♣♣PP♣.#####
.......?.♣♣....h@#
..[#####÷♣♣P..P♣## ####
#.♣♣.P.♣♣ #.P..♣♣♣
#....♣ #.♣.♣♣ #...#
#####


You could see a black bear (berserk).

Vanquished Creatures
  3 adders (D:2)
  2 dart slugs (D:1)
  2 ball pythons
  2 bats (D:1)
  2 endoplasms (D:1)
  A giant cockroach (D:1)
  4 goblins (D:2)
  3 hobgoblins
  4 jackals
  4 quokkas
  5 kobolds
  3 rats (D:1)
35 creatures vanquished.

Vanquished Creatures (collateral kills)
  2 foxfires (D:2)
2 creatures vanquished.

Vanquished Creatures (others)
  117 foxfires
  A plant (D:2)
118 creatures vanquished.

Grand Total: 155 creatures vanquished

Notes
Turn   | Place    | Note
-------+----------+-------------------------------------------
     0 | D:1      | Conn the Octopode Fire Elementalist began the quest for the
                  | Orb.
     0 | D:1      | Reached XP level 1. HP: 11/11 MP: 3/3
   318 | D:1      | Reached XP level 2. HP: 17/17 MP: 1/5
   618 | D:1      | Found Wailebu's Weapon Boutique.
   682 | D:1      | Found Zegygoih's Jewellery Shoppe.
   882 | D:1      | Found Resinuh's General Store.
   887 | D:1      | Found Zotesaqo's General Store.
   937 | D:1      | Found Vaddo's Antique Weapon Shoppe.
  1202 | D:2      | Reached XP level 3. HP: 21/21 MP: 2/6
  1677 | D:2      | Found a faded altar of an unknown god.
  1700 | D:2      | Noticed an ogre
  1749 | D:2      | Learned a level 3 spell: Conjure Flame
  1771 | D:2      | Noticed a black bear
  1804 | D:1      | Reached XP level 4. HP: 19/27 MP: 8/8
  1888 | D:1      | Learned a level 3 spell: Inner Flame
  2210 | D:2      | Slain by a black bear

Illustrated notes

Levels and vault maps discovered:
D:1:      scummos_arrival_hexagon, layout_basic, serial_shops,
          nicolae_shop_competitors_out_of_business, shop, shop,
          nicolae_shop_overgrown_old_shop, shop
D:2:      wad_crossroads, layout_rooms, basic_ecumenical_altar, serial_forest,
          infiniplex_forest_zigzag_1, infiniplex_forest_zigzag_1,
          infiniplex_forest_corner_2, infiniplex_forest_end_3,
          infiniplex_forest_3_way, infiniplex_forest_diagonal,
          infiniplex_forest_join, infiniplex_forest_lined_room_3,
          infiniplex_forest_straight_1, infiniplex_forest_straight_4,
          kennysheep_doodads, chequers_avenue

Skill      XL: |  1  2  3  4 |
---------------+-------------+-----
Stealth        | 3 |  3.2
Spellcasting   | 3 |  3.0
Dodging        | |  2.1
Conjurations   | |  1.7
Fire Magic     | |  3.6

Action                   |  1- 3 |  4- 6 || total
-------------------------+-------+-------++-------
Melee: Unarmed           |     5 |       ||     5
       Tentacles         |     3 |     1 ||     4
       Constrict         |     5 |     2 ||     7
       Short sword       |    12 |     5 ||    17
 Cast: Foxfire           |    57 |     9 ||    66
       Conjure Flame     |       |     1 ||     1
 Stab: Sleeping          |     1 |     1 ||     2
Armor: Skin              |    13 |     4 ||    17
Dodge: Dodged            |    26 |    12 ||    38

Table legend: (Time is in decaauts)
 A = Elapsed time spent in this place.
 B = Non-inter-level travel time spent in this place.
 C = Inter-level travel time spent in this place.
 D = Time resting spent in this place.
 E = Time spent auto-exploring this place.
 F = Levels seen in this place.
 G = Mean time per level.
                   A        B        C        D        E       F      G
               +--------+--------+--------+--------+--------+-----+--------+
         Total |   2212 |   2195 |     17 |     77 |   1489 |   2 | 1106.0 |
       Dungeon |   2212 |   2195 |     17 |     77 |   1489 |   2 | 1106.0 |
               +--------+--------+--------+--------+--------+-----+--------+

Top non-repeatable levels by time:
     D:1: 1320 daAuts
     D:2: 891 daAuts
